 Dungeon Crawl Stone Soup version 0.24-a0-479-g9a978d2894 (webtiles) character file.

Game seed: 10290317583674920477

1565 mhoghedin the Stinger (level 8, 0/54 HPs)
             Began as an Octopode Venom Mage on July 7, 2019.
             Was an Initiate of Vehumet.
             Slain by a jelly (3 damage)
             ... on level 7 of the Dungeon.
             The game lasted 00:11:56 (7218 turns).

mhoghedin the Stinger (Octopode Venom Mage)         Turns: 7218, Time: 00:11:57

Health: 0/54       AC: -7    Str:  3    XL:     8   Next: 89%
Magic:  14/15      EV: 15    Int: 20    God:    Vehumet [......]
Gold:   277        SH:  0    Dex: 14    Spells: 2/17 levels left

rFire    . . .     SeeInvis .   v - +9 mace of Extermination {elec, rPois Str-4 Dex+2 Stlth+}
rCold    . . .     Gourm    .   (no shield)
rNeg     . . .     Faith    .   (helmet restricted)
rPois    +         Spirit   .   (no amulet)
rElec    .         Reflect  .   (no ring)
rCorr    .         Harm     .   (no ring)
MR       .....                  (no ring)
Stlth    ++++......             (no ring)
HPRegen  0.18/turn              (no ring)
MPRegen  0.14/turn              (no ring)
                                (no ring)
                                (no ring)

@: about to teleport, corroded
A: almost no armour, stealthy swim, amphibious, 8 rings, constrict 8, camouflage
1, gelatinous body 1
a: Renounce Religion


You were on level 7 of the Dungeon.
You worshipped Vehumet.
Vehumet was noncommittal.
You were hungry.

You visited 1 branch of the dungeon, and saw 7 of its levels.

You collected 277 gold pieces.

Inventory:

Hand Weapons
 i - a +0 short sword of flaming
   (You took it off Terence on level 3 of the Dungeon)
 p - a +3 mace
   (You took it off an orc on level 4 of the Dungeon)
 v - the +9 mace of Extermination (weapon) {elec, rPois Str-4 Dex+2 Stlth+}
   (You found it on level 6 of the Dungeon)

   Occasionally, upon striking a foe, it will discharge some electrical energy
   and cause terrible harm.
   It affects your strength (-4).
   It affects your dexterity (+2).
   It protects you from poison.
   It makes you more stealthy.
Magical Staves
 z - an uncursed staff of earth
   (You found it on level 7 of the Dungeon)
Wands
 q - a wand of scattershot (1)
   (You found it on level 5 of the Dungeon)
 r - a wand of random effects (31)
   (You found it on level 5 of the Dungeon)
 w - a wand of iceblast (9)
   (You found it on level 6 of the Dungeon)
 y - a wand of enslavement (10)
   (You found it on level 6 of the Dungeon)
 A - a wand of flame (1)
   (You took it off a crimson imp on level 6 of the Dungeon)
 B - a wand of digging (8)
   (You found it on level 7 of the Dungeon)
Scrolls
 a - a scroll of enchant weapon {unknown}
 f - a scroll of random uselessness {unknown}
 g - 2 scrolls of remove curse
 j - a scroll of fear
 m - 4 scrolls of teleportation
 n - 3 scrolls of fog
 u - 2 scrolls of enchant armour {unknown}
 x - 2 scrolls of immolation {unknown}
Potions
 c - 3 potions of brilliance
 d - 4 potions of might
 h - 2 potions of curing
 k - a potion of haste
 l - 2 potions of invisibility {unknown}
 o - 3 potions of heal wounds
 s - a potion of cancellation {unknown}
 t - a potion of magic {unknown}
Comestibles
 b - 11 rations


   Skills:
 + Level 3.9 Fighting
 + Level 3.9 Maces & Flails
 + Level 4.5 Dodging
 - Level 2.6 Stealth
 - Level 5.0 Spellcasting
 - Level 2.0 Conjurations
 - Level 1.5 Air Magic
 - Level 7.5 Poison Magic


You had 2 spell levels left.
You knew the following spells:

 Your Spells              Type           Power        Failure   Level  Hunger
a - Sting                 Conj/Pois      ###.         1%          1    None
b - Poisonous Vapours     Pois/Air       ###...       2%          2    None
c - Olgreb's Toxic Radia  Pois           #####...     5%          4    ####...
d - Venom Bolt            Conj/Pois      ###.......   41%         5    #####..
x - Mephitic Cloud        Conj/Pois/Air  ###.....     8%          3    ##.....

Your spell library contained the following spells:

 Spells                   Type           Power        Failure   Level  Hunger


Dungeon Overview and Level Annotations

Branches:
Dungeon (7/15)             Temple (0/1) D:6

Altars:
Elyvilon
Gozag
Makhleb
Uskayaw
Vehumet
The Shining One

Shops:
D:5 *

Annotations:
D:7 Harold


Innate Abilities, Weirdness & Mutations

You cannot wear most types of armour.
You are very stealthy in the water. (Stealth+)
You are amphibious.
You can wear up to eight rings at the same time.
You can use your tentacles to constrict eight enemies at once.
Your skin changes colour to match your surroundings (Stealth+).
Your rubbery body absorbs attacks. (AC +1, EV +1)


Message History

The burst of metal fragments hits Harold!
The burst of metal fragments hits the ogre!
You kill the ogre!
Vehumet accepts your kill. Harold hits you with a +0 long sword!!
You take 19 damage, and have 33/54 hp.
MASSIVE DAMAGE!!
Aim: Harold, wielding a +0 long sword and wearing a +0 scale mail (lightly wounded)
You miscast Mephitic Cloud.
You are very lightly contaminated with residual magic.
You feel weak for a moment. Harold misses you.
You now have 7/15 mp.
Aim: Harold, wielding a +0 long sword and wearing a +0 scale mail (lightly wounded)
The ball explodes into a vile cloud!
The stinking cloud engulfs Harold but does no damage.
The stinking cloud engulfs you but does no damage.
You now have 4/15 mp.
There are monsters nearby!
Harold is engulfed in noxious fumes.
Harold appears confused.
Harold is engulfed in noxious fumes.
Harold is engulfed in noxious fumes.
Harold is engulfed in noxious fumes.
Harold appears confused.
Okay, then.
Unknown command.
Aim: Harold, wielding a +0 long sword and wearing a +0 scale mail (lightly wounded, confused)
The ball explodes into a vile cloud!
The stinking cloud engulfs Harold but does no damage.
The stinking cloud engulfs the leopard gecko but does no damage.
Harold is engulfed in noxious fumes.
You now have 2/15 mp.
Harold is engulfed in noxious fumes.
Harold appears confused.
Harold is engulfed in noxious fumes.
Harold appears confused.
Aim: Harold, wielding a +0 long sword and wearing a +0 scale mail (moderately wounded, confused, chance to defeat MR: 15%)
Okay, then.
Unknown command.
Okay, then.
Unknown command.
Harold cries.
Harold cries.
You see here 15 stones.
Your magical contamination has completely faded away.
A hound comes into view.
All of the chunks of flesh in your inventory have rotted away.
There is a stone staircase leading up here.
The helpless hound fails to defend itself.
You sock the hound! You grab the hound. You squeeze the hound.
You constrict the hound, but do no damage.
The hound closely misses you.
You hit the hound.
You kill the hound!
Vehumet accepts your kill.
z - a short smoking staff Unknown command.
As you read the scroll of identify, it crumbles to dust.
z - an uncursed staff of earth You start resting.
Health restored: 54; MP restored: 15 An adder comes into view.
A jelly comes into view.
Found a stone staircase leading down.
You are feeling hungry.
The adder hisses angrily.
The adder bites you.
You take 4 damage, and have 50/54 hp.
You closely miss the adder. Your grab misses the adder.
The adder closely misses you. The adder barely misses you.
You hit the adder. Lightning courses through the adder!!
You kill the adder!
Vehumet accepts your kill.
The jelly quivers.
No target in view!
The jelly is too close now for your liking.
The jelly hits you.
You are splashed with acid!
You take 8 damage, and have 42/54 hp.
You hit the jelly.
Your tentacles burn!
The jelly hits you. The acid corrodes you!
You are splashed with acid!
You take 15 damage, and have 27/54 hp.
MASSIVE DAMAGE!!
The jelly jiggles.
You sock the jelly!
Your tentacles burn!
The jelly hits you.
You are splashed with acid!
* * * LOW HITPOINT WARNING * * *
You take 15 damage, and have 12/54 hp.
MASSIVE DAMAGE!!
Unknown command.
Okay, then.
Unknown command.
Aim: a jelly (heavily wounded)
The sting hits the jelly.
The jelly hits you.
* * * LOW HITPOINT WARNING * * *
The acid corrodes you!
You are splashed with acid!
* * * LOW HITPOINT WARNING * * *
You take 11 damage, and have 3/54 hp.
MASSIVE DAMAGE!!
You now have 14/15 mp.
As you read the scroll of teleportation, it crumbles to dust.
You feel strangely unstable. The jelly hits you.
You die...

#<#.####.###### #.....# #.#.# #.#
#.....# #.#.# #.# #....).
#.#.####.### #.....# #.#........#
#.....# #######.#........#
#.#.#.# ........#........#
#.#.#.#
######..........J##########.#.#.#
#####.........@..>......(.#.#.#
#....(.........##########.#.#.#
#.###..#.......# #.#.... #.#
#..#.####### #.### ##.# #.....#
###########.# #..# ##.#.##
............# #.## #.#.#
###########.# ##†#####.#.# #.#
........#..# ##.#


You could see a jelly.

Vanquished Creatures
  An ice beast (D:6)
  A sky beast (D:7)
  An orc warrior (D:6)
  2 ogres
  2 bullfrogs
  3 scorpions
  A howler monkey (D:5)
  4 crimson imps
  2 hounds
  An orc priest (D:6)
  Crazy Yiuf (D:6)
  A bullfrog skeleton (D:4)
  6 orc wizards
  2 iguanas
  2 worker ants
  Terence (D:3)
  2 hound skeletons
  4 gnolls (D:6)
  7 adders
  2 adder skeletons (D:4)
  4 worms
  A dart slug (D:2)
  4 leopard geckos
  17 orcs
  A ball python (D:5)
  9 bats
  2 giant cockroaches
  6 goblins
  6 hobgoblins
  6 jackals
  2 quokkas
  3 frilled lizards
  A giant cockroach zombie (D:5)
  A jackal skeleton (D:5)
  7 kobolds
  A quokka skeleton (D:4)
  7 rats
124 creatures vanquished.

Notes
Turn   | Place    | Note
-------+----------+-------------------------------------------
     0 | D:1      | mhoghedin the Octopode Venom Mage began the quest for the
                  | Orb.
     0 | D:1      | Reached XP level 1. HP: 11/11 MP: 3/3
   384 | D:1      | Reached XP level 2. HP: 17/17 MP: 0/5
   385 | D:1      | Reached skill level 4 in Poison Magic
  1025 | D:1      | Reached XP level 3. HP: 21/21 MP: 1/6
  1525 | D:2      | Learned a level 2 spell: Poisonous Vapours
  1529 | D:2      | Learned a level 3 spell: Mephitic Cloud
  1608 | D:2      | Reached skill level 3 in Spellcasting
  1679 | D:2      | Reached XP level 4. HP: 16/27 MP: 3/8
  2090 | D:2      | Reached skill level 5 in Poison Magic
  2611 | D:3      | Noticed Terence
  2621 | D:3      | Killed Terence
  3176 | D:3      | Reached XP level 5. HP: 28/31 MP: 1/10
  3249 | D:3      | Learned a level 4 spell: Olgreb's Toxic Radiance
  3472 | D:4      | Reached skill level 4 in Spellcasting
  3673 | D:4      | Reached skill level 6 in Poison Magic
  3673 | D:4      | Reached XP level 6. HP: 16/36 MP: 12/12
  4406 | D:4      | Found a white marble altar of Elyvilon.
  4407 | D:4      | Found an opulent altar of Gozag.
  4597 | D:4      | Got a jewelled mace
  4598 | D:4      | Identified the +5 mace "Beast's Undoing" {antimagic, rElec}
                  | (You found it on level 4 of the Dungeon)
  4746 | D:5      | Entered Level 5 of the Dungeon
  4781 | D:5      | Reached skill level 7 in Poison Magic
  4781 | D:5      | Reached XP level 7. HP: 28/41 MP: 14/14
  4945 | D:5      | Reached skill level 5 in Spellcasting
  4978 | D:5      | Learned a level 5 spell: Venom Bolt
  5191 | D:5      | Reached skill level 1 in Air Magic
  5296 | D:5      | Found Ocuq's General Store.
  5537 | D:6      | Found a runed translucent door.
  5538 | D:6      | Noticed Crazy Yiuf
  5548 | D:6      | Killed Crazy Yiuf
  5548 | D:6      | Reached skill level 2 in Conjurations
  5555 | D:6      | Got a crystal mace
  5557 | D:6      | Identified the +9 mace of Extermination {elec, rPois Str-4
                  | Dex+2 Stlth+} (You found it on level 6 of the Dungeon)
  5590 | D:6      | Found an opulent altar of Gozag.
  5694 | D:6      | Reached skill level 1 in Fighting
  5694 | D:6      | Reached skill level 1 in Maces & Flails
  5710 | D:6      | Reached XP level 8. HP: 24/49 MP: 5/15
  5891 | D:6      | Reached skill level 2 in Fighting
  5891 | D:6      | Reached skill level 2 in Maces & Flails
  5891 | D:6      | Reached skill level 3 in Dodging
  5994 | D:6      | Found a staircase to the Ecumenical Temple.
  6056 | D:6      | Found a glowing golden altar of the Shining One.
  6276 | D:6      | Found a radiant altar of Vehumet.
  6294 | D:6      | HP: 11/51 [crimson imp (4)]
  6297 | D:6      | Found a burning altar of Makhleb.
  6310 | D:6      | HP: 10/51 [crimson imp (3)]
  6544 | D:6      | Reached skill level 3 in Fighting
  6544 | D:6      | Reached skill level 3 in Maces & Flails
  6552 | D:6      | Became a worshipper of Vehumet
  6770 | D:6      | Found a hide-covered altar of Uskayaw.
  6915 | D:7      | Reached skill level 4 in Dodging
  7042 | D:7      | Noticed Harold
  7208 | D:7      | HP: 12/54 [acid (9)]
  7217 | D:7      | HP: 13/54 [jelly (1)]
  7217 | D:7      | HP: 3/54 [acid (10)]
  7218 | D:7      | Slain by a jelly

Levels and vault maps discovered:
D:1:      mrwooster_arrival_statue_3, layout_basic
D:2:      layout_basic
D:3:      layout_basic, first_ration, grunt_ministairs_2, uniq_terence
D:4:      minmay_general_purpose_star, layout_basic,
          gammafunk_temple_overflow_statue
D:5:      layout_basic, serial_shops, shop
D:6:      layout_loops_ring, grunt_temple_overflow_lords_of_destruction,
          tso_oasis_becter, lemuel_coloured_pillars_altar,
          minmay_temple_entry_junction_2, chequers_serial_rivers_room_b,
          corexii_shack, nicolae_gozag_seed_capital, uniq_crazy_yiuf_cottage
D:7:      layout_loops_ring, tgw_trog, grunt_temple_overflow_diamond,
          serial_shops, kennysheep_mini_moat, uniq_harold

Skill      XL: |  1  2  3  4  5  6  7  8 |
---------------+-------------------------+-----
Poison Magic   | 4 5 6 7 |  7.5
Spellcasting   | 3 4 5 |  5.0
Air Magic      | 1 |  1.5
Conjurations   | 2 |  2.0
Fighting       | 1 3 |  3.9
Maces & Flails | 1 3 |  3.9
Dodging        | 4 |  4.5
Stealth        | |  2.6

Action                   |  1- 3 |  4- 6 |  7- 9 || total
-------------------------+-------+-------+-------++-------
Melee: Unarmed           |     6 |       |       ||     6
       Constrict         |     6 |    12 |    18 ||    36
       Tentacles         |     5 |     3 |    13 ||    21
       Club              |    10 |    14 |       ||    24
       Mace              |       |    29 |    76 ||   105
 Cast: Sting             |    74 |   100 |    21 ||   195
       Olgreb's Toxic Ra |       |     1 |     7 ||     8
       Poisonous Vapours |       |       |     3 ||     3
       Mephitic Cloud    |       |       |     3 ||     3
       Venom Bolt        |       |       |     2 ||     2
Evoke: Wand              |       |       |     3 ||     3
  Use: Scroll            |     5 |     5 |     2 ||    12
       Potion            |       |       |     1 ||     1
 Stab: Sleeping          |       |     2 |     6 ||     8
  Eat: Chunk             |     3 |     5 |    10 ||    18
       Ration            |       |     1 |       ||     1
Armor: Skin              |     6 |     3 |     6 ||    15
Dodge: Dodged            |    29 |    39 |    52 ||   120

Table legend:
 A = Non-vault XP
 B = Vault XP
 C = Vault XP percentage of total XP
 D = Non-vault monster count
 E = Vault monster count
 F = Vault count percentage of total count
                 A         B        C        D         E       F
            +---------+---------+-------+---------+---------+-------
      Total |    2064 |     172 |   7.7 |     116 |       8 |   6.5
            +---------+---------+-------+---------+---------+-------
        D:1 |      38 |       0 |   0.0 |      23 |       0 |   0.0
        D:2 |      69 |       0 |   0.0 |      21 |       0 |   0.0
        D:3 |      24 |      36 |  60.0 |      10 |       3 |  23.1
        D:4 |     359 |      43 |  10.7 |      19 |       2 |   9.5
        D:5 |     340 |       0 |   0.0 |      16 |       0 |   0.0
        D:6 |     762 |      93 |  10.9 |      17 |       3 |  15.0
        D:7 |     472 |       0 |   0.0 |      10 |       0 |   0.0
            +---------+---------+-------+---------+---------+-------

Levels and vault maps discovered:
D:1:      mrwooster_arrival_statue_3, layout_basic
D:2:      layout_basic
D:3:      layout_basic, first_ration, grunt_ministairs_2, uniq_terence
D:4:      minmay_general_purpose_star, layout_basic,
          gammafunk_temple_overflow_statue
D:5:      layout_basic, serial_shops, shop
D:6:      layout_loops_ring, grunt_temple_overflow_lords_of_destruction,
          tso_oasis_becter, lemuel_coloured_pillars_altar,
          minmay_temple_entry_junction_2, chequers_serial_rivers_room_b,
          corexii_shack, nicolae_gozag_seed_capital, uniq_crazy_yiuf_cottage
D:7:      layout_loops_ring, tgw_trog, grunt_temple_overflow_diamond,
          serial_shops, kennysheep_mini_moat, uniq_harold

Table legend:
 A = Turns spent in this place as a percentage of turns spent in the entire game.
 B = Non-inter-level travel turns spent in this place as a percentage of non-inter-level travel turns spent in the entire game.
 C = Inter-level travel turns spent in this place as a percentage of turns spent in this place.
 D = Turns resting spent in this place as a percentage of non-inter-level travel turns spent in this place.
 E = Turns spent auto-exploring this place as a percentage of non-inter-level travel turns spent in this place.
 F = Non-inter-level travel turns spent in this place divided by the number of levels of this place that you've seen.
                   A       B       C       D       E      F
               +-------+-------+-------+-------+-------+----------------------
         Total | 100.0 | 100.0 |   2.3 |  31.3 |  53.6 | 1007.7
       Dungeon | 100.0 | 100.0 |   2.3 |  31.3 |  53.6 | 1007.7
               +-------+-------+-------+-------+-------+----------------------

Table legend:
 A = Kills in this place as a percentage of kills in entire the game.
 B = Kills by you in this place as a percentage of kills by you in the entire game.
 C = Kills by friends in this place as a percentage of kills by friends in the entire game.
 D = Other kills in this place as a percentage of other kills in the entire game.
 E = Experience gained in this place as a percentage of experience gained in the entire game.
 F = Experience gained in this place divided by the number of levels of this place that you have seen.
                   A       B       C       D       E      F
               +-------+-------+-------+-------+-------+----------------------
         Total | 100.0 | 100.0 |   N/A | 100.0 | 100.0 | 319.4
       Dungeon | 100.0 | 100.0 |   N/A | 100.0 | 100.0 | 319.4
               +-------+-------+-------+-------+-------+----------------------
